AoeStats
← ShangTsung

Arabia

509642916Analyzed
1v1 RM · 5d ago on Sep 27, 2026· 51m 29s· 2 players
Game mode
Random Map
Map size
Tiny (2 player)
Population
200
Speed
Normal
Resources
Standard
Victory
Conquest
Starting age
Dark Age
Ending age
Imperial Age
RankedLock teamsTeams togetherTeam positionsShared explorationLock speedFull tech treeHidden civsTurbo modeCheats
Victory
Defeat
🇧🇷 Magyars · Brazil
1305
+15
🇪🇸 Magyars · Spain
1292
-15
eNZo STaR
5:52 Loom
9:20 Feudal Age
10:05 Double-Bit Axe
19:12 Wheelbarrow
22:00 Castle Age
20:05 Horse Collar
22:20 Bloodlines
22:17 Scale Barding Armor
22:21 Fletching
27:32 Husbandry
27:32 Pikeman
28:14 Scale Mail Armor
31:27 Chain Mail Armor
37:34 Imperial Age
37:44 Chain Barding Armor
37:25 Bodkin Arrow
40:12 Cavalier
44:08 Hand Cart
43:38 Town Watch
46:30 Elite Skirmisher
47:15 Thumb Ring
49:06 Halberdier
49:32 Arson
51:22 Chemistry
50:42 Ballistics
50:57 Masonry
ShangTsung
10:37 Feudal Age
11:59 Double-Bit Axe
11:55 Horse Collar
12:07 Loom
20:05 Bloodlines
23:53 Castle Age
22:34 Scale Barding Armor
25:27 Husbandry
30:08 Scale Mail Armor
30:05 Pikeman
32:38 Chain Barding Armor
34:20 Wheelbarrow
33:31 Town Watch
42:00 Imperial Age
40:30 Bow Saw
40:20 Heavy Plow
42:09 Halberdier
43:05 Chain Mail Armor
44:01 Conscription
44:48 Plate Barding Armor
44:54 Fletching
44:28 Cavalier
47:58 Two-Man Saw
46:56 Bodkin Arrow
48:34 Paladin
51:26 Bracer
51:27 Heavy Scorpion
Connection lost

Rejoining the realm…

Still unreachable

The connection could not be restored.

Session expired

The server has moved on; the page needs a fresh start.